 Dungeon Crawl Stone Soup version 0.32-a0-872-g59262bdc9b (webtiles) character file.

Game seed: 11066467610552701678

506 NateTC the Magician (level 7, -4/54 HPs)
             Began as a Djinni Cinder Acolyte on Mar 30, 2024.
             Was a High Priest of Ignis.
             Killed by psychic fangs
             ... invoked by a brain worm
              (8 damage)
             ... in a sewer.
             The game lasted 00:09:52 (3186 turns).

NateTC the Magician (Djinni Cinder Acolyte)         Turns: 3186, Time: 00:09:52

Health: -4/54      AC:  3    Str: 13    XL:     7   Next: 41%
Gold:   122        EV:  9    Int: 18    God:    Ignis [*****.] SH:  0 Dex:  8

rFire   + +          +
                       - Unarmed
rCold   x . .        (no shield)
rNeg    . . .        d - +0 leather armour
rPois   ∞            (no helmet)
rElec   .            (no cloak)
rCorr   .            (no gloves)
SInv    .            (boots unavailable)
Will    .....        (no amulet)
Stlth   +            (no ring)
HPRegen 0.29/turn    (no ring)
MPRegen 0.00/turn

%: infuse magic (-5 HP)
@: flying
A: sickness immunity, fire resistance 2, cold vulnerability 1, float, innate
caster, HP casting, extra vitality 1
a: Renounce Religion, Fiery Armour, Foxfire Swarm, Rising Flame


You were in a sewer.
You worshipped Ignis.
Ignis was extremely pleased with you.
You visited 1 branch of the dungeon, and saw 4 of its levels.
You also visited: Sewer.

You collected 122 gold pieces.

Inventory:

Armour
 a - a +0 robe
 d - a +0 leather armour (worn)
 k - a +0 helmet
Wands
 g - a wand of polymorph (11)
Scrolls
 e - a scroll of blinking
 f - 2 scrolls of teleportation
 l - a scroll of enchant armour {unknown}
 m - a scroll of fear
 n - a scroll of enchant weapon
Potions
 b - a potion of might
 c - a potion of cancellation {unknown}
 h - a potion of resistance
 i - a potion of curing {unknown}
 j - a potion of magic {unknown}


   Skills:
 + Level 5.0 Fighting
 - Level 3.0 Unarmed Combat
 * Level 5.3 Spellcasting
 * Level 5.3 Conjurations
 * Level 5.3 Hexes
   Level 0.0 Charms
 * Level 5.3 Summonings
 * Level 5.3 Necromancy
 * Level 5.3 Translocations
   Level 0.0 Transmutations
 * Level 5.3 Fire Magic
 * Level 5.3 Ice Magic
 * Level 5.3 Air Magic
 * Level 5.3 Earth Magic
 * Level 5.3 Alchemy


You knew the following spells:

 Your Spells              Type           Power      Damage    Failure   Level
a - Scorch                Fire           46%        2d6       2%          2
b - Magic Dart            Conj           92%        1d7       1%          1
c - Mercury Vapours       Alch/Air       46%        N/A       2%          2
d - Fugue of the Fallen   Necr           23%        N/A       5%          3
Your spell library was empty.

Dungeon Overview and Level Annotations

Branches:
Dungeon (4/15) Zot: 21028   Sewer (1/1) Zot: 5785
 Temple: D:4-7

Altars:

Shops:
D:4 [


Innate Abilities, Weirdness & Mutations

You are immune to sickness and miasma.
You are immune to poison.
Your flesh is very heat resistant. (rF++)
You are vulnerable to cold. (rC-)
You float through the air rather than walking.
You learn spells naturally, not from books.
Your magical power is your life essence.
You have superior vitality. (+4 MHP)


Message History

Casting: Scorch (safe; 2% risk of failure)
Confirm with . or Enter, or press ? or * to list all spells.
Aiming: Magic Dart (safe; 1% risk of failure)
Press: ? - help, Shift-Dir - straight line, f - brain worm
Aim: a brain worm (moderately wounded, more vulnerable to fire, 100% to hit)
The magic dart hits the brain worm.
The brain worm is heavily wounded.
The brain worm barely misses you.
Casting: Magic Dart (safe; 1% risk of failure)
Confirm with . or Enter, or press ? or * to list all spells.
Aiming: Magic Dart (safe; 1% risk of failure)
Press: ? - help, Shift-Dir - straight line, f/p - brain worm
Aim: a brain worm (heavily wounded, more vulnerable to fire, 100% to hit)
The magic dart hits the brain worm.
The brain worm is severely wounded.
The brain worm bites you.
Casting: Magic Dart (safe; 1% risk of failure)
Confirm with . or Enter, or press ? or * to list all spells.
Aiming: Magic Dart (safe; 1% risk of failure)
Press: ? - help, Shift-Dir - straight line, f/p - brain worm
Aim: a brain worm (heavily wounded, more vulnerable to fire, 100% to hit)
The magic dart hits the brain worm.
The brain worm is almost dead.
An adder comes into view.
The brain worm's throbbing head pulsates.
Something gnaws heavily on your mind!
* * * LOW HITPOINT WARNING * * *
Casting: Magic Dart (safe; 1% risk of failure)
Confirm with . or Enter, or press ? or * to list all spells.
Aiming: Magic Dart (safe; 1% risk of failure)
Press: ? - help, Shift-Dir - straight line, f/p - brain worm
Aim: a brain worm (severely wounded, more vulnerable to fire, 100% to hit)
The magic dart hits the brain worm.
The brain worm is almost dead.
* * * LOW HITPOINT WARNING * * *
The brain worm is no longer more vulnerable to fire.
The brain worm's bulging head throbs.
Something gnaws heavily on your mind!
You die...
Ignis goes out, and joins you in death.

# #∩ ! #. ## #S# ###.#
#w###.#~# #@~.#.# ##.#~#
#.#.## #.###†# #.###†##
#.#~.##
############.##############
≈≈≈≈#≈~......~~....~..†~~~~
≈≈≈≈#≈~........~...~~~~~~~~


You could see a brain worm and an adder.

Vanquished Creatures
  Sigmund (D:2)
  A brain worm (Sewer)
  A bombardier beetle (D:2)
  Robin (D:3)
  9 adders
  4 gnolls (D:4)
  3 river rats
  2 ribbon worms
  A dart slug (D:3)
  4 ball pythons
  8 endoplasms
  6 giant cockroaches
  17 goblins
  6 hobgoblins
  5 quokkas
  6 bats
  2 frilled lizards
  5 kobolds
  12 rats
94 creatures vanquished.

Notes
Turn   | Place    | Note
-------+----------+-------------------------------------------
     0 | D:1      | NateTC the Djinni Cinder Acolyte began the quest for the
                  | Orb.
     0 | D:1      | NateTC set off with the following spells memorised: Scorch.
     0 | D:1      | Reached XP level 1. HP: 20/20 MP: 0/0
   131 | D:1      | Reached XP level 2. HP: 18/25 MP: 0/0
   541 | D:1      | Reached XP level 3. HP: 28/30 MP: 0/0
   541 | D:1      | Learned a level 1 spell: Magic Dart
  1147 | D:2      | Reached XP level 4. HP: 29/35 MP: 0/0
  1379 | D:2      | Reached XP level 5. HP: 37/41 MP: 0/0
  1379 | D:2      | Learned a level 2 spell: Mercury Vapours
  1786 | D:2      | Noticed Sigmund
  1790 | D:2      | Killed Sigmund
  1791 | D:2      | Reached XP level 6. HP: 40/48 MP: 0/0
  2345 | D:3      | Noticed Robin
  2494 | D:3      | Killed Robin
  2758 | D:4      | Reached XP level 7. HP: 28/53 MP: 0/0
  2758 | D:4      | Learned a level 3 spell: Fugue of the Fallen
  2906 | D:4      | Found Vicaah's Antique Armour Shop.
  2964 | D:4      | Reached skill level 5 in Spellcasting
  2964 | D:4      | Reached skill level 5 in Conjurations
  2964 | D:4      | Reached skill level 5 in Hexes
  2964 | D:4      | Reached skill level 5 in Summonings
  2964 | D:4      | Reached skill level 5 in Necromancy
  2964 | D:4      | Reached skill level 5 in Translocations
  2964 | D:4      | Reached skill level 5 in Fire Magic
  2964 | D:4      | Reached skill level 5 in Ice Magic
  2964 | D:4      | Reached skill level 5 in Air Magic
  2964 | D:4      | Reached skill level 5 in Earth Magic
  2964 | D:4      | Reached skill level 5 in Alchemy
  2968 | D:4      | Found a glowing drain.
  2972 | Sewer    | Entered a sewer
  3100 | Sewer    | Reached skill level 5 in Fighting
  3186 | Sewer    | Killed from afar by a brain worm

Illustrated notes

Levels and vault maps discovered:
D:1:      minmay_arrival_semitransparent, layout_loops_ring
D:2:      layout_loops_ring, kennysheep_crisscross, uniq_sigmund
D:3:      layout_loops_ring, uniq_robin
D:4:      layout_basic, amcnicky_altar_gilded, gup_sewer_entry_spiral,
          serial_shops, nicolae_shop_overgrown_old_shop, hex_tiny, minmay_bent
Sewer:    sewer_co_cracked_pipes

Skill      XL: |  1  2  3  4  5  6  7 |
---------------+----------------------+-----
Spellcasting   | 3 4 5 |  5.3
Conjurations   | 3 4 5 |  5.3
Hexes          | 3 4 5 |  5.3
Summonings     | 3 4 5 |  5.3
Necromancy     | 3 4 5 |  5.3
Translocations | 3 4 5 |  5.3
Fire Magic     | 3 4 5 |  5.3
Ice Magic      | 3 4 5 |  5.3
Air Magic      | 3 4 5 |  5.3
Earth Magic    | 3 4 5 |  5.3
Alchemy        | 3 4 5 |  5.3
Fighting       | 4 5 |  5.0
Unarmed Combat | |  3.0

Action                     |  1- 3 |  4- 6 |  7- 9 || total
---------------------------+-------+-------+-------++-------
  Melee: Unarmed           |    21 |     1 |     2 ||    24
         Punch             |     1 |       |       ||     1
   Cast: Scorch            |    31 |    39 |    23 ||    93
         Magic Dart        |    15 |    35 |     8 ||    58
         Mercury Vapours   |       |     2 |       ||     2
    Use: Scroll            |     4 |     4 |       ||     8
 Armour: Robe              |    24 |       |       ||    24
         Leather armour    |     7 |    19 |     6 ||    32
  Dodge: Dodged            |    13 |     9 |     4 ||    26

Table legend: (Time is in decaauts)
 A = Elapsed time spent in this place.
 B = Non-inter-level travel time spent in this place.
 C = Inter-level travel time spent in this place.
 D = Time resting spent in this place.
 E = Time spent auto-exploring this place.
 F = Levels seen in this place.
 G = Mean time per level.
                   A        B        C        D        E       F      G
               +--------+--------+--------+--------+--------+-----+--------+
         Total |   3184 |   3128 |     56 |    481 |   2021 |   5 |  636.8 |
       Dungeon |   2971 |   2915 |     56 |    471 |   1891 |   4 |  742.8 |
         Sewer |    213 |    213 |      0 |     10 |    130 |   1 |  213.0 |
               +--------+--------+--------+--------+--------+-----+--------+

Top non-repeatable levels by time:
     D:1: 1074 daAuts
     D:2: 870 daAuts
     D:3: 784 daAuts
     D:4: 241 daAuts
   Sewer: 213 daAuts
